AoeStats
← 泰拉第一老女人-凯尔希

Arena

510318298Analyzed
4v4 RM · 20h ago on Sep 30, 2026· 41m 5s· 8 players
Game mode
Random Map
Map size
Large (8 player)
Population
200
Speed
Normal
Resources
Standard
Victory
Conquest
Starting age
Dark Age
Ending age
Imperial Age
RankedLock teamsTeams togetherTeam positionsShared explorationLock speedFull tech treeHidden civsTurbo modeCheats
Victory
Defeat
🇨🇳 Shu · China
890
+12
849
+13
🇨🇳 Magyars · China
799
+16
🇨🇳 Franks · China
832
-15
🇨🇳 Bulgarians · China
793
-14
🇫🇷 Franks · France
790
-14
🇨🇳 Turks · China
760
-13
mike
8:56 Loom
12:11 Feudal Age
12:42 Double-Bit Axe
12:39 Horse Collar
12:47 Arson
14:37 Town Watch
15:51 Forging
15:42 Scale Mail Armor
17:16 Stone Mining
17:20 Gold Mining
24:24 Castle Age
23:52 Wheelbarrow
26:46 Heavy Plow
27:00 Bow Saw
Destinox
0:40 Loom
13:46 Feudal Age
15:11 Double-Bit Axe
15:19 Gold Mining
15:22 Stone Mining
16:48 Wheelbarrow
17:36 Fletching
17:57 Forging
23:29 Castle Age
25:21 Husbandry
28:13 Squires
27:59 Arson
30:17 Gold Shaft Mining
30:00 Bow Saw
31:22 Ballistics
32:31 Treadmill Crane
32:50 Bodkin Arrow
33:31 Iron Casting
36:58 Imperial Age
34:36 Ordonnance Companies
38:42 Chemistry
37:48 Siege Engineers
38:31 Conscription
39:00 Elite Throwing Axeman
41:46 Blast Furnace
40:47 Scale Mail Armor
1120693432
5:23 Loom
12:50 Feudal Age
17:00 Castle Age
18:07 Double-Bit Axe
21:03 Bow Saw
27:39 Gold Mining
30:26 Forging
30:21 Scale Barding Armor
30:47 Stone Mining
31:36 Gold Shaft Mining
32:45 Town Watch
33:36 Wheelbarrow
33:15 Husbandry
37:59 Imperial Age
36:28 Town Patrol
36:43 Hand Cart
36:54 Scale Barding Armor
37:24 Iron Casting
37:38 Chain Barding Armor
38:14 Cavalier
39:30 Heavy Scorpion
83766496
12:00 Feudal Age
16:12 Castle Age
16:03 Horse Collar
16:46 Double-Bit Axe
16:52 Loom
22:26 Wheelbarrow
28:54 Imperial Age
26:23 Town Watch
28:08 Ballistics
29:26 Padded Archer Armor
29:59 Conscription
30:17 Bloodlines
30:35 Gold Mining
30:48 Heavy Plow
31:00 Bow Saw
31:15 Leather Archer Armor
31:08 Husbandry
32:14 Town Patrol
32:52 Thumb Ring
32:29 Heavy Camel Rider
34:29 Hand Cart
35:18 Two-Man Saw
35:38 Forging
38:49 Scale Barding Armor
39:02 Fortified Wall
38:33 Treadmill Crane
落榜音游人
11:31 Feudal Age
16:26 Castle Age
15:58 Double-Bit Axe
15:56 Horse Collar
24:25 Wheelbarrow
24:04 Bow Saw
26:22 Stone Mining
27:46 Gold Mining
28:03 Heavy Plow
32:00 Imperial Age
29:46 Hand Cart
30:04 Loom
30:31 Scale Barding Armor
30:27 Padded Archer Armor
30:18 Fletching
30:23 Treadmill Crane
34:09 Chemistry
33:30 Ballistics
33:15 Siege Engineers
33:34 Chain Barding Armor
33:30 Leather Archer Armor
33:10 Bodkin Arrow
34:51 Gold Shaft Mining
34:53 Crop Rotation
35:24 Two-Man Saw
34:51 Conscription
34:32 Corvinian Army
33:53 Elite Magyar Huszar
35:00 Husbandry
35:11 Bloodlines
36:46 Plate Barding Armor
36:42 Ring Archer Armor
36:12 Bracer
37:17 Parthian Tactics
36:14 Heavy Cavalry Archer
37:02 Thumb Ring
37:21 Recurve Bow
東雲mobai
8:34 Loom
10:42 Feudal Age
11:15 Double-Bit Axe
13:59 Horse Collar
14:53 Forging
19:35 Castle Age
19:39 Fletching
21:40 Bodkin Arrow
22:47 Stone Mining
22:51 Gold Mining
25:09 Crossbowman
26:48 Scale Mail Armor
27:20 Treadmill Crane
28:50 Chain Mail Armor
30:18 Gambesons
30:38 Padded Archer Armor
32:43 Ballistics
32:51 Leather Archer Armor
32:40 Coiled Serpent Array
33:14 Bow Saw
36:04 Heavy Plow
36:49 Wheelbarrow
36:00 Town Watch
36:32 Squires
36:19 Arson
41:14 Imperial Age
邦多利第一耐摔王-莫提斯
12:07 Feudal Age
13:28 Double-Bit Axe
15:51 Castle Age
13:34 Horse Collar
19:46 Bow Saw
19:38 Heavy Plow
21:01 Loom
29:35 Imperial Age
27:48 Wheelbarrow
27:02 Loom
27:27 Gold Mining
31:22 Chemistry
30:42 Ballistics
31:24 Two-Man Saw
30:59 Crop Rotation
31:40 Padded Archer Armor
31:30 Fletching
31:50 Elite Skirmisher
33:08 Hand Cart
34:43 Conscription
35:07 Heavy Camel Rider
35:55 Scale Barding Armor
36:01 Forging
35:51 Bodkin Arrow
36:11 Leather Archer Armor
37:16 Chain Barding Armor
37:00 Bracer
39:59 Plate Barding Armor
40:01 Iron Casting
40:00 Ring Archer Armor
泰拉第一老女人-凯尔希
10:51 Feudal Age
11:43 Double-Bit Axe
14:30 Castle Age
12:52 Horse Collar
16:26 Wheelbarrow
23:24 Hand Cart
24:47 Bow Saw
24:48 Heavy Plow
26:14 Loom
26:54 Stone Mining
26:57 Gold Mining
30:24 Imperial Age
28:41 Stone Mining
30:02 Forging
29:57 Scale Barding Armor
32:06 Two-Man Saw
31:37 Crop Rotation
32:04 Iron Casting
31:50 Chain Barding Armor
32:09 Conscription
32:53 Chemistry
33:04 Husbandry
33:16 Bloodlines
32:40 Cavalier
34:50 Blast Furnace
34:25 Plate Barding Armor
34:23 Savar
38:56 Ballistics
Connection lost

Rejoining the realm…

Still unreachable

The connection could not be restored.

Session expired

The server has moved on; the page needs a fresh start.